Cogmind - Beta 16 @@@ ROGUE MODE // 2025.12.14 @ 22:56:22 Player: obl-vn Result: Destroyed by D-53 Grenadier with Mini Grenade Launcher Performance ------------- Evolutions (0) 0 Regions Visited (3) 600 Robots Destroyed (22) 110 Value Destroyed (518) 518 Prototype IDs (13) 260 Alien Tech Used (0) 0 Bonus (-140) -140 TOTAL SCORE: 1348 Bonus ------- Follower Combat Kills 77 Friendly Fire -217 Cogmind --------- Core Integrity 0/250 Matter 257/300 Energy 100/100 System Corruption 0% Temperature Cool (5) Movement Core (700) Ox13 Location -7/Recycling Parts ------- > --- POWER (1) -------- (None) > --- PROPULSION (2) --- (None) > --- UTILITY (2) ------ High-capacity Storage Unit Armor Integrity Analyzer > --- WEAPON (2) ------- (None) > --- INVENTORY (20) --- Meta Core Scrap Shield V3-11A's Pendant SUBCON Basin (Full) Peak State ------------ > --- POWER ------------ Improved Ion Engine > --- PROPULSION ------- Compact Wheel Compact Wheel > --- UTILITY ---------- High-capacity Storage Unit Armor Integrity Analyzer > --- WEAPON ----------- Battle Cannon Heavy Missile Launcher > --- INVENTORY -------- Meta Core Scrap Shield V3-11A's Pendant Battle Rifle SUBCON Basin [Rating: 35] Favorites ----------- Power Ion Engine Engine Ion Engine Propulsion Wheel Treads Light Treads Wheel Wheel Utility High-capacity Storage Unit Device V3-11A's Pendant Storage High-capacity Storage Unit Processor Armor Integrity Analyzer Protection Weapon Shielding Weapon Battle Rifle Energy Cannon Subdweller Beam Cannon Ballistic Gun Battle Rifle Ballistic Cannon Battle Cannon Launcher Heavy Missile Launcher Build | -11 -10 -10 -7 ------- Run | Yrd Mat Sub Rec Slots Evolved . | . . . . Power . | . . . . Propulsion . | . . . . Utility . | . . . . Weapon . | . . . . Parts Attached 28 | 6 3 15 4 Power 3 | . 1 2 . Engine 3 | . 1 2 . Core . | . . . . Reactor . | . . . . Propulsion 6 | 2 . 3 1 Treads 2 | 2 . . . Leg . | . . . . Wheel 4 | . . 3 1 Hover . | . . . . Flight . | . . . . Utility 7 | 1 1 3 2 Device 2 | . . 2 . Storage 2 | 1 . 1 . Processor 1 | . . . 1 Hackware . | . . . . Protection 2 | . 1 . 1 Artifact . | . . . . Weapon 12 | 3 1 7 1 Energy Gun . | . . . . Energy Cannon 1 | . . 1 . Ballistic Gun 8 | 3 1 4 . Ballistic Cannon 2 | . . 2 . Launcher 1 | . . . 1 Special Weapon . | . . . . Impact Weapon . | . . . . Slashing Weapon . | . . . . Piercing Weapon . | . . . . Special Melee Weapon . | . . . . Unidentified Prototypes 1 | . . 1 . Parts Lost 6 | . . . 6 Power 1 | . . . 1 Propulsion 2 | . . . 2 Utility . | . . . . Weapon 3 | . . . 3 Highest Loss Streak 6 | . . . 6 To Critical Strikes . | . . . . Average Backups 4 | 3 6 4 3 Power . | . . . . Propulsion 1 | 1 2 1 . Utility 1 | . 1 1 1 Weapon 1 | 1 1 . . Tool/Special . | . . . . Unused Backups 4 | . 1 . 3 Power . | . . . . Propulsion 1 | . . . 1 Utility 2 | . 1 . 1 Weapon . | . . . . Tool/Special 1 | . . . 1 Average Slot Usage (%) 98 | . 94 99 98 Engine 13 | . 12 14 13 Treads 6 | . 28 1 . Wheel 21 | . . 25 28 Device 10 | . . 13 2 Storage 14 | . 14 14 14 Protection 2 | . 9 . 4 Ballistic Gun 20 | . 28 19 13 Ballistic Cannon 7 | . . 8 14 Peak Build Rating 35 | 5 7 32 35 Average Rating 25 | 3 6 29 32 On Entrance 10 | . 5 7 31 Avg Prop Armor Cover (%) . | . . . . Naked Turns . | . . . . Heaviest Build 57 | 8 15 56 57 Greatest Support 40 | 40 40 40 32 Greatest Overweight (x) 5 | . . 5 2 Average Overweight (x) 1 | . . 1 1 Largest Inventory Capacity 20 | 8 8 20 20 Average Capacity 17 | 7 8 19 20 Most Carried 20 | 6 7 20 20 Average Carried 16 | 3 6 19 19 Final Capacity 20 | 8 8 20 20 Final Carried 19 | 4 7 19 19 Class Distribution -------------------- 100% | Mutant Dominant Class ---------------- Mutant | -10/Materials Mutant | -10/Subcaves Mutant | -7/Recycling Resources | -11 -10 -10 -7 ----------- Run | Yrd Mat Sub Rec Matter Collected 1106 | 176 233 624 73 Remotely . | . . . . Salvage Created 850 | . 281 . 569 Parts 48 | . 18 . 30 Haulers Intercepted 1 | . 1 . . Recyclers Shooed . | . . . . Parts Field Recycled . | . . . . Retrieved Matter . | . . . . Parts Self-Destructed 13 | . . 13 . Prevented . | . . . . Parts Restored . | . . . . Kills | -11 -10 -10 -7 ------- Run | Yrd Mat Sub Rec Combat Hostiles Destroyed 15 | . 9 . 6 Guns 9 | . 9 . . Cannons 2 | . . . 2 AOE 4 | . . . 4 Classes Destroyed 9 | . 3 . 6 Worker 2 | . . . 2 Builder 2 | . . . 2 Tunneler 1 | . . . 1 Hauler 1 | . 1 . . Swarmer 6 | . 6 . . Grunt 5 | . 3 . 2 Sentry 2 | . . . 2 Programmer 2 | . . . 2 Subdweller 1 | . . . 1 Best Kill Streak 9 | . 3 . 9 Combat Bots Only 4 | . 3 . 4 Max Kills in Single Turn 5 | . 2 . 5 Gunslinging 1 | . 1 . . Exploded 3 | . . . 3 Melee . | . . . . Uniques/NPCs Destroyed . | . . . . Combat | -11 -10 -10 -7 -------- Run | Yrd Mat Sub Rec Hostile Shots Fired 143 | . 47 6 90 Missed 50 | . 13 3 34 Hits 93 | . 34 3 56 Projectile 93 | . 34 3 56 AOE 6 | . . . 6 Damage Taken 1143 | . 333 157 653 Core 255 | . 43 . 212 Absorbed by Shields . | . . . . Redirected to Shielding 32 | . 32 . . Core Remaining (%) 100 | 100 . . . Volleys Fired 149 | . 38 100 11 Largest 2 | . 2 1 2 Hottest 80 | . 40 80 72 Shots Fired 192 | . 76 99 17 Gun 133 | . 76 49 8 Cannon 56 | . . 50 6 Launcher 3 | . . . 3 Special . | . . . . Kinetic 183 | . 76 93 14 Thermal 6 | . . 6 . Explosive 3 | . . . 3 Electromagnetic . | . . . . Robot Hit Streak 18 | . 9 6 18 Robot Miss Streak 4 | . 4 . 1 Penetration Max . | . . . . Secondary Targets 2 | . 2 . . Max Gunslinging Chain 1 | . 1 . . Shots Hit Robots 59 | . 43 1 15 Core Hits 49 | . 15 . 34 Critical Kills . | . . . . Critical Parts Destroyed . | . . . . Critical Strikes . | . . . . Melee Attacks . | . . . . Impact . | . . . . Slashing . | . . . . Piercing . | . . . . Sneak Attacks . | . . . . Combat Hostiles . | . . . . Follow-up Attacks . | . . . . Damage Inflicted 1979 | . 562 26 1391 Guns 690 | . 562 . 128 Cannons 131 | . . 26 105 Explosions 1158 | . . . 1158 Melee . | . . . . Ramming . | . . . . Kinetic 821 | . 562 26 233 Thermal . | . . . . Explosive 1158 | . . . 1158 Electromagnetic . | . . . . Impact . | . . . . Slashing . | . . . . Piercing . | . . . . Highest Corruption . | . . . . Average Corruption . | . . . . Corruption Purged . | . . . . Corruption Blocked . | . . . . Overload Shots . | . . . . Overflow Damage 28 | . . . 28 Projectiles . | . . . . Explosions 28 | . . . 28 Melee . | . . . . Knockbacks 1 | . . 1 . Impact . | . . . . Kinetic 1 | . . 1 . Secondary . | . . . . Self-Inflicted Damage 47 | . . . 47 Shots 2 | . . . 2 Rammed . | . . . . Targets Rammed . | . . . . Kicked . | . . . . Crushed . | . . . . Highest Temperature 65 | . 2 . 65 Average Temperature 21 | . 2 . 24 Received Heat Transfer 231 | . 117 18 96 Siege Activations . | . . . . Martial Activations . | . . . . Shielding Activations . | . . . . Robots Disrupted . | . . . . Combat Hostiles . | . . . . Robots Corrupted . | . . . . Combat Hostiles . | . . . . Parts Fried . | . . . . Impact Corruptions . | . . . . Robots Melted . | . . . . Combat Hostiles . | . . . . Parts Melted . | . . . . Heat Transferred . | . . . . Parts Sabotaged . | . . . . Parts Stolen . | . . . . Parts Stripped . | . . . . Power Chain Reactions . | . . . . Alert | -11 -10 -10 -7 ------- Run | Yrd Mat Sub Rec Maximum Alert Level . | . . . . Low Security (%) 100 | 100 100 . 100 Level 1 . | . . . . Level 2 . | . . . . Level 3 . | . . . . Level 4 . | . . . . Level 5 . | . . . . High Security . | . . . . Max Security . | . . . . Peak Influence 148 | . 89 . 148 Initial . | . . . . Average 26 | . 37 . 9 Influence Increases 919 | . 361 199 359 Destroy 0b10 Robot/C 400 | . 180 100 120 Destroy 0b10 Robot/NC 60 | . 5 . 55 Destroy Leader 32 | . 32 . . Allied During Kill 208 | . . 54 154 Successful Hack 72 | . 69 . 3 Destroy Structure 27 | . . . 27 Lose Combat Pursuer 120 | . 75 45 . Influence Decreases 851 | . 299 261 291 Entered New Map 30 | . . 30 . Time Decay 541 | . 299 171 71 Lost Part 60 | . . . 60 Lost Ally 220 | . . 60 160 Squads Dispatched 1 | . 1 . . Investigation . | . . . . Extermination . | . . . . Reinforcement 1 | . 1 . . Assault . | . . . . Garrison . | . . . . Intercept . | . . . . Searches Triggered . | . . . . Construction Impeded . | . . . . Haulers Reinforced . | . . . . Active Scanning Responses . | . . . . Cargo Convoy Interrupts . | . . . . Stealth | -11 -10 -10 -7 --------- Run | Yrd Mat Sub Rec Distress Signals 1 | . 1 . . Communications Jammed . | . . . . Distress Signals . | . . . . Times Spotted 49 | . 18 23 8 Peak Tracking Total 6 | . 5 6 6 Tactical Retreats 5 | . 4 1 . Traps | -11 -10 -10 -7 ------- Run | Yrd Mat Sub Rec Traps Triggered 2 | . . 2 . Indirectly . | . . . . Trap Hack Attempts . | . . . . Triggered . | . . . . Disarmed 6 | . 6 . . Reprogrammed . | . . . . Reused . | . . . . Traps Extracted . | . . . . Installed . | . . . . Triggered . | . . . . Machines | -11 -10 -10 -7 ---------- Run | Yrd Mat Sub Rec Machines Disabled 2 | . . 2 . Max in Single Turn 1 | . . 1 . Machines Repaired . | . . . . Machines Dismantled . | . . . . Machines Sabotaged . | . . . . Overloaded Fab Kills . | . . . . Hacking | -11 -10 -10 -7 --------- Run | Yrd Mat Sub Rec Machines Accessed 15 | . 8 4 3 Terminals 8 | . 6 . 2 Fabricators . | . . . . Repair Stations . | . . . . Recycling Units 3 | . 2 . 1 Scanalyzers . | . . . . Garrison Access . | . . . . Total Hacks 38 | . 24 7 7 Successful 26 | . 17 7 2 Failed 12 | . 7 . 5 Catastrophic 2 | . 1 . 1 Database Lockouts . | . . . . Manual 17 | . 15 1 1 Terminals 24 | . 20 . 4 Fabricators . | . . . . Repair Stations . | . . . . Recycling Units 7 | . 4 . 3 Scanalyzers . | . . . . Garrison Access . | . . . . Terminal Hacks 12 | . 5 7 . Record 5 | . 1 4 . Open Door 1 | . . 1 . Branch Access Points 1 | . 1 . . Locate Traps 1 | . 1 . . Disarm Traps 1 | . 1 . . Zone Layout 1 | . 1 . . Proto ID Catalog 1 | . . 1 . Release Object 1 | . . 1 . Fabricator Hacks . | . . . . Repair Station Hacks . | . . . . Recycling Unit Hacks 2 | . 1 . 1 Retrieve Components 2 | . 1 . 1 Scanalyzer . | . . . . Garrison Access Hacks . | . . . . Unauthorized Hacks 12 | . 11 . 1 Terminals 9 | . 9 . . Botnet 4 | . 4 . . Skim 5 | . 5 . . Fabricators . | . . . . Repair Stations . | . . . . Recycling Units 3 | . 2 . 1 Reject 3 | . 2 . 1 Scanalyzers . | . . . . Garrison Access . | . . . . Data Cores Recovered . | . . . . Used . | . . . . Hacking Detections 10 | . 7 . 3 Full Trace Events . | . . . . Feedback Events . | . . . . Feedback Blocked . | . . . . Robot Schematics Acquired . | . . . . Robots Built . | . . . . Authchips . | . . . . Time . | . . . . Total Robot Build Rating . | . . . . Part Schematics Acquired . | . . . . Parts Built . | . . . . Authchips . | . . . . Time . | . . . . Total Part Build Rating . | . . . . Part Studies Acquired . | . . . . Parts Repaired . | . . . . Time . | . . . . Parts Recycled . | . . . . Recycled Matter . | . . . . Retrieved Matter . | . . . . Retrieved Components 2 | . . . 2 Parts Scanalyzed . | . . . . Part Schematics Acquired . | . . . . Parts Damaged . | . . . . Bothacking | -11 -10 -10 -7 ------------ Run | Yrd Mat Sub Rec Used RIF Installer . | . . . . Robots Hacked . | . . . . Non-combat . | . . . . Combat . | . . . . Robot Hacks Applied . | . . . . Relay Couplers Released . | . . . . Fabnet Peak Effective % . | . . . . Robots Rewired . | . . . . Allies Hacked . | . . . . Hacks Repelled . | . . . . Allies | -11 -10 -10 -7 -------- Run | Yrd Mat Sub Rec Total Allies 22 | . . 22 . Largest Group 18 | . . 18 18 Highest-Rated Group 344 | . . 344 344 Highest-Rated Ally 21 | . . 21 21 Total Orders . | . . . . Ally Attacks 68 | . . 50 18 Total Damage 853 | . . 623 230 Kills 6 | . . 6 . Allies Corrupted . | . . . . Allies Melted . | . . . . Intel | -11 -10 -10 -7 ------- Run | Yrd Mat Sub Rec Active Infowar (turns) 37 | . . 37 . Seismic 37 | . . 37 . Robot Analysis Total . | . . . . Derelict Logs Recovered 2 | . . 2 . Drone Launches . | . . . . Drone Recoveries . | . . . . Exploration | -11 -10 -10 -7 ------------- Run | Yrd Mat Sub Rec Turns Passed 4955 | 85 840 3621 409 Spaces Moved 3512 | 52 407 2744 309 Core 11 | 11 . . . Treads 557 | 41 407 109 . Legs . | . . . . Wheels 2944 | . . 2635 309 Hover . | . . . . Flight . | . . . . Fastest Speed 50 | 50 160 105 105 Average Speed 119 | 136 160 113 115 Slowest Speed 160 | 160 160 160 120 Overloaded Moves . | . . . . Propulsion Burnouts . | . . . . Robots Hopped . | . . . . Potential Cave-ins . | . . . . Cave-ins Triggered . | . . . . Exploration Rate (%) 57 | 5 69 95 59 Regions Visited 3 Branch Regions 2 Pre-discovered Areas 3 | . . 3 . Known Exits Taken . | . . . . Unknown Exits Taken 3 | 1 1 1 . Scrap Searched 6 | . . 6 . Spaces Dug 3 | . . 3 . Terrain Destroyed 35 | . . 3 32 Melee . | . . . . Projectile 4 | . . 3 1 AOE 31 | . . . 31 Terrain Rammed . | . . . . Walls Destroyed . | . . . . Machines Disabled . | . . . . Actions | -11 -10 -10 -7 --------- Run | Yrd Mat Sub Rec Total 4099 | 66 520 3170 343 Wait 353 | . 66 276 11 Move 3509 | 51 406 2743 309 Hop . | . . . . Pick Up 29 | 9 6 11 3 Fast Attach 8 | . . 6 2 Attach 11 | 5 2 3 1 Detach . | . . . . Swap 12 | 1 1 8 2 Drop 28 | . 1 23 4 Fire 149 | . 38 100 11 Melee . | . . . . Ram . | . . . . Kick . | . . . . Crush . | . . . . Escape Stasis . | . . . . Rewire . | . . . . Trap . | . . . . Miscellaneous . | . . . . Route ------- -11/Scrapyard -10/Materials (discovered 5 exits: [*Mat x3] / Min / *Sub) -10/Subcaves (discovered 3 exits: [*Mat x2] / *Rec) -7/Recycling (discovered 1 exit: *Fac) History --------- Turn | Location | Event 7 | -11/Scrapyard | Discovered new exit (range 14) 86 | -11/Scrapyard | Entered Materials 263 | -10/Materials | Discovered new exit (range 11) 304 | -10/Materials | Build established: Mutant 510 | -10/Materials | Discovered new exit (range 3) 737 | -10/Materials | Identified exit to Mines 745 | -10/Materials | Discovered new exit (range 9) 746 | -10/Materials | Discovered new exit (range 14) 803 | -10/Materials | Learned location of 1 exit from Recycling 910 | -10/Materials | Loaded intel: 1 repair station location 926 | -10/Materials | Entered Subcaves 927 | -10/Subcaves | Approached by a straggling Scientist 945 | -10/Subcaves | Discovered new exit (range 7) 961 | -10/Subcaves | Visited triangular shrine 972 | -10/Subcaves | Found Prototype Device 972 | -10/Subcaves | Identified V3-11A's Pendant 977 | -10/Subcaves | Befriended Subdweller 1057 | -10/Subcaves | Shifting Twisted Machinery released Battle Rifle 1059 | -10/Subcaves | Shifting Twisted Machinery released Sub. Machine Gun 1111 | -10/Subcaves | Learned location of Mines (-9) 1130 | -10/Subcaves | Found SUBCON Basin 1212 | -10/Subcaves | Learned location of Storage (-7) 1271 | -10/Subcaves | Visited 4L-MR0's lab 1286 | -10/Subcaves | Found Meta Core 1332 | -10/Subcaves | Befriended Subdweller 1337 | -10/Subcaves | Befriended Subdweller 1337 | -10/Subcaves | Befriended Subdweller 1442 | -10/Subcaves | Befriended Subdweller 1492 | -10/Subcaves | Befriended Subdweller 1495 | -10/Subcaves | Discovered new exit (range 9) 1562 | -10/Subcaves | Befriended Subdweller 1562 | -10/Subcaves | Befriended Subdweller 1577 | -10/Subcaves | Befriended Subdweller 1578 | -10/Subcaves | A swath of the cavern ceiling suddenly collapsed 1682 | -10/Subcaves | Befriended Subdweller 1682 | -10/Subcaves | Befriended Subdweller 1769 | -10/Subcaves | Disturbed a concealed Subdweller 1772 | -10/Subcaves | Befriended Subdweller 2185 | -10/Subcaves | Discovered new exit (range 15) 2242 | -10/Subcaves | Lost 3 allies 2317 | -10/Subcaves | Befriended Subdweller 2668 | -10/Subcaves | Shifting Twisted Machinery released Mak. Leg 2832 | -10/Subcaves | Befriended Subdweller 2837 | -10/Subcaves | Befriended Subdweller 2869 | -10/Subcaves | Shifting Twisted Machinery released Battle Rifle 2877 | -10/Subcaves | A swath of the cavern ceiling suddenly collapsed 2927 | -10/Subcaves | Befriended Subdweller 2927 | -10/Subcaves | Befriended Subdweller 2966 | -10/Subcaves | A Subdweller sparked back to life 2966 | -10/Subcaves | A Subdweller sparked back to life 2966 | -10/Subcaves | A Subdweller sparked back to life 2967 | -10/Subcaves | Befriended Subdweller 2967 | -10/Subcaves | Befriended Subdweller 2967 | -10/Subcaves | Befriended Subdweller 3058 | -10/Subcaves | Visited Clippyterm 3061 | -10/Subcaves | Learned Factory fabricator intel 3237 | -10/Subcaves | Befriended Subdweller 3254 | -10/Subcaves | Shifting Twisted Machinery released Battle Cannon 3292 | -10/Subcaves | Befriended Subdweller 3527 | -10/Subcaves | Learned location of Zion (-7) 3527 | -10/Subcaves | Met a Zionite searching for "candidates" 4547 | -10/Subcaves | Entered Recycling 4547 | -7/Recycling | Accompanied by 18 allies 4548 | -7/Recycling | Identified exit to Factory 4663 | -7/Recycling | Scanned before Scraplab entrance 4944 | -7/Recycling | P-60 Hacker assimilated allied GM-J0K(R) 4953 | -7/Recycling | Core integrity fell below 50% 4956 | -7/Recycling | Destroyed by D-53 Grenadier with Mini Grenade Launcher Last Messages --------------- 04945_ R-06 Scavenger collects Lgt. Ion Engine. 04948_ The unstable cave ceiling collapses. 04948_ Imp. Ion Engine destroyed. 04948_ GM-J0K(R) destroyed. 04948_ R-06 Scavenger destroyed. 04948_ P-60 Hacker destroyed. 04948_ K-01 Serf destroyed. 04948_ I-36 Angel destroyed. 04948_ Hvy. Missile Launcher destroyed. 04948_ Destroyed Hvy. Missile Launcher. 04949_ GC-W60(R) affixes Scrap Shield Fragment to Scrap Shield. 04950_ GC-W60(R) destroyed. 04950_ Battle Cannon destroyed. 04951_ The unstable cave ceiling collapses. 04951_ VR-MRY(R) affixes Scrap Shield Fragment to Scrap Shield. 04954_ 2G-TS1(R) destroyed. 04955_ Com. Wheel destroyed. 04955_ Battle Rifle destroyed. Map ----- +----------------------------------------------------+ | ???????????????????????????????? | | ???????????????????????????????? | | ???????????????????????????????? | | ???????????????????????????????? | | ???????????????????????????????? | | ???????????????????????????????? | | ???????????????????????????????? | | ???????????????????????????????? | | ???????????????????????????????? | | ????? ??????????????????????## | | ????? #?????????????????????# | | ????# #?????????????????????# | | ????# #?????????????????????# | | ????# +?????????????????????# | | ????# #?????????????????????# | | ????# #?????????#???????????# | | ????# ######## ##??????????# | | ????# # # # ??????????# | | ????# !%k | #???###???# | | ???## &[ b%% ##??? ??# | | ??## &Y* lY [ % #???""""??# | | ?## ! ! | % b #???"""" ?# | | ?# = % dY % #???"""" ?# | | ?# * #??""""" # | | ?# ! % * [%#????""""" # | | ??# @RRRR % / #????""""" + | | ??# ! * !####????""""" # | | ??# % RR ## ##?????? # | | ??## ]R #################### | | ???## # / | | ???#% R# """ #### ###### | | ???## # """"" #??# # | | ????# # """"" #### # | | ????# + """"" ##!! # | | ????# # """ ##! # | | ????# # ##!! # | | ????# # #### # | | ????# < ###########??# # | | ????# #????????????# + | | ????#####????????????# # | | ?????????????????????# # ? | | ?????????????????????# # | | ?????????????????????# # | | ?????????????????????# ##??## | | ?????????????????????# #????? | | ?????????????????????######????? | | ???????????????????????????????? | | ???????????????????????????????? | | ???????????????????????????????? | | | +----------------------------------------------------+ Best States ------------- Heat Dissipation 25 Energy Generation 12 Energy Capacity 265 Matter Stores 300 Matter Capacity 300 Sight Range 16 Terrain Scan Density 10 Armor Coverage 150 Weapon Shielding 33 Evasion (%) 50 Armor Integrity Analysis 30 Recoil Reduction 2 Item Schematics ----------------- None Robot Schematics ------------------ None Fabricated ------------ Nothing Repaired ---------- Nothing Studied --------- None Alien Tech Used ----------------- None Achievements -------------- SUBSUB Challenges ------------ None Game ------ Seed ThrowingOpticalFlamer Manual? 0 Play Time 00:45:01 Cumulative 69.4 hours Start 2025.12.14 @ 21:48:41 End 2025.12.14 @ 22:56:22 Sessions 1 Manual Loads 0 Difficulty Rogue Special Mode None Game No. 55 Rogue 55 Adventurer 0 Explorer 0 Win Type - Total 1 Types 0/0/0/1/0/0/0/0/0/0 Lore% 31 Gallery% 42 Achievement% 36 Wizard Run 0 Options --------- Layout 1 ASCII 0 Keyboard 0 Movement Mouse Keybinds 0 Fullscreen 1 Font 32/SmallcapsGlow Map View 50x35 Zoom Use 0% Tactical HUD 1 Map Filters NONE Filters NONE Steam 1 RUN: 946ac111-0ed7-494d-9bf1-4f17990b6766